 Dungeon Crawl Stone Soup version 0.23.0-33-g5e6c059fef (webtiles) character file.

Game seed: 11300580550122475194

1591 Kisielow the Arsonist (level 8, -8/41 HPs)
             Began as a Deep Elf Fire Elementalist on Feb 26, 2019.
             Was a Believer of Vehumet.
             Shot with an arrow by a centaur (14 damage)
             ... on level 6 of the Dungeon.
             The game lasted 00:21:27 (8410 turns).

Kisielow the Arsonist (Deep Elf Fire Elementalist)  Turns: 8410, Time: 00:21:28

Health: -8/41      AC:  3    Str:  5    XL:     8   Next: 61%
Magic:  20/28      EV: 13    Int: 23    God:    Vehumet [**....]
Gold:   245        SH:  0    Dex: 15    Spells: 1/19 levels left

rFire    . . .     SeeInvis .   q - +1 flail "Fiygilue" {holy, MR+}
rCold    . . .     Gourm    +   (no shield)
rNeg     . . .     Faith    .   a - +0 robe
rPois    .         Spirit   .   h - +1 hat {MR+}
rElec    .         Reflect  .   (no cloak)
rCorr    .         Harm     .   (no gloves)
MR       ++...                  (no boots)
Stlth    ++........             b - amulet of the gourmand
HPRegen  0.13/turn              p - ring of magical power
MPRegen  0.21/turn              (no ring)

@: very slightly contaminated, invisible
A: no striking features
a: Renounce Religion


You were on level 6 of the Dungeon.
You worshipped Vehumet.
Vehumet was pleased with you.
You were not hungry.

You visited 1 branch of the dungeon, and saw 6 of its levels.
You also visited: Ossuary.

You collected 245 gold pieces.

Inventory:

Hand Weapons
 q - the +1 flail "Fiygilue" (weapon) {holy, MR+}
   (You found it on level 6 of the Dungeon)

   It has been blessed by the Shining One to cause great damage to the undead
   and demons.
   It affects your resistance to hostile enchantments.
Armour
 a - a +0 robe (worn)
 h - a +1 hat of magic resistance (worn)
Magical Staves
 l - an uncursed staff of summoning
Jewellery
 b - an amulet of the gourmand (around neck)
 m - an uncursed amulet of the acrobat
 p - a ring of magical power (left hand)
Wands
 f - a wand of random effects (1)
 n - a wand of paralysis (9)
Scrolls
 d - 4 scrolls of remove curse
 k - a scroll of fog
 y - a scroll of amnesia
Potions
 e - 2 potions of brilliance
 g - 2 potions of berserk rage
 i - 3 potions of curing
 j - 2 potions of heal wounds
 t - a potion of agility
Comestibles
 c - 11 rations


   Skills:
 - Level 2.4 Dodging
 - Level 2.4 Stealth
 - Level 6.0 Spellcasting
 * Level 7.9 Conjurations
 * Level 8.5 Fire Magic


You had one spell level left.
You knew the following spells:

 Your Spells              Type           Power        Failure   Level  Hunger
a - Conjure Flame         Conj/Fire      #####...     1%          3    #......
e - Inner Flame           Hex/Fire       ####....     4%          3    #......
q - Flame Tongue          Conj/Fire      #####        1%          1    None
r - Sticky Flame          Conj/Fire      #####...     2%          4    ###....
s - Fireball              Conj/Fire      #####.....   8%          5    #####..
w - Throw Flame           Conj/Fire      #####.       1%          2    None

Your spell library contained the following spells:

 Spells                   Type           Power        Failure   Level  Hunger
 Shock                    Conj/Air       ####         1%          1    None


Dungeon Overview and Level Annotations

Branches:
Dungeon (6/15)             Temple (0/1) D:6

Altars:
Elyvilon
Fedhas
Gozag
Hepliaklqana
Nemelex Xobeh
Vehumet
Xom

Shops:
D:4 ?


Message History

Okay, then.
As you read the scroll of teleportation, it crumbles to dust.
You feel strangely unstable.
The centaur shoots an arrow.
The arrow hits you.
The centaur shoots an arrow.
The arrow hits you!
* * * LOW HITPOINT WARNING * * *
You feel much better.
The centaur shoots an arrow.
The arrow barely misses you.
A bullfrog comes into view.
The centaur shoots an arrow.
The arrow hits you.
You see here an arrow.
Your surroundings seem slightly different.
The bullfrog croaks.
The centaur shoots an arrow.
The arrow hits you!
* * * LOW HITPOINT WARNING * * *
Found 8 gold pieces.
You see here an arrow.
Okay, then.
It was a potion of invisibility.
You fade into invisibility!
The centaur shoots an arrow.
The arrow hits you!
You die...

#....$.......
###............
#..)....<......
#>.............
#.........cY...
#..............
#####........F......
#..........(...# ...
...........@....#....
#...........h........
##.###.<....).(.†.....
.....##......(%....$..
8...8.#.....§.........
......#..#########....
.._......# ########
......#..# ##..!..##
8...8 #.## #8.....8#
..


You could see a black bear, an ice beast, a bullfrog and a centaur.

Vanquished Creatures
  Grinder (D:6)
  A phantom (D:5)
  2 ogres (D:5)
  2 bullfrogs
  A bullfrog zombie (Ossuary)
  3 crimson imps (D:5)
  A centaur zombie (Ossuary)
  2 hounds (D:5)
  An orc wizard (D:5)
  Natasha (thrice) (D:3)
  4 worker ants
  A killer bee zombie (Ossuary)
  3 hound zombies (Ossuary)
  15 mummies (Ossuary)
  2 howler monkey zombies (Ossuary)
  4 worker ant zombies (Ossuary)
  6 adders
  A shadow imp (D:6)
  2 oozes
  2 adder zombies (Ossuary)
  An adder skeleton (D:4)
  2 worms
  2 dart slugs
  2 leopard geckos
  3 orcs
  A giant cockroach (D:6)
  7 goblins
  5 hobgoblins
  7 jackals (D:4)
  3 quokkas
  2 ball pythons
  4 bats
  9 frilled lizards
  A giant cockroach zombie (Ossuary)
  4 kobolds
  4 quokka zombies (Ossuary)
  10 rats
124 creatures vanquished.

Notes
Turn   | Place    | Note
-------+----------+-------------------------------------------
     0 | D:1      | Kisielow the Deep Elf Fire Elementalist began the quest for
                  | the Orb.
     0 | D:1      | Reached XP level 1. HP: 10/10 MP: 6/6
   248 | D:1      | Reached XP level 2. HP: 15/15 MP: 5/8
   272 | D:1      | Learned a level 2 spell: Throw Flame
   959 | D:2      | Reached XP level 3. HP: 15/19 MP: 1/10
  1073 | D:2      | Learned a level 3 spell: Conjure Flame
  1077 | D:2      | Learned a level 3 spell: Inner Flame
  1376 | D:2      | Reached XP level 4. HP: 24/24 MP: 3/12
  2458 | D:3      | Noticed Natasha
  2464 | D:3      | Killed Natasha
  2464 | D:3      | Reached skill level 5 in Spellcasting
  2464 | D:3      | Reached skill level 4 in Fire Magic
  2936 | D:3      | Noticed Natasha
  2975 | D:3      | HP: 1/36 [Natasha (7)]
  2976 | D:3      | Killed Natasha
  2976 | D:3      | Reached XP level 5. HP: 1/28 MP: 4/15
  3017 | D:3      | Noticed Natasha
  3372 | D:2      | Learned a level 4 spell: Sticky Flame
  3478 | D:3      | Killed Natasha
  4152 | D:4      | Found a sparkling altar of Nemelex Xobeh.
  4152 | D:4      | Found a radiant altar of Vehumet.
  4160 | D:4      | Became a worshipper of Vehumet
  4216 | D:4      | Found Zuuvuis's Magic Scroll Shoppe.
  4458 | D:4      | Found a shimmering altar of Xom.
  4748 | D:5      | Entered Level 5 of the Dungeon
  4792 | D:5      | Reached XP level 6. HP: 13/32 MP: 15/17
  4987 | D:4      | Reached skill level 5 in Fire Magic
  5432 | D:5      | Found a hazy altar of Hepliaklqana.
  5601 | D:5      | Reached XP level 7. HP: 30/36 MP: 18/18
  5991 | D:5      | Reached skill level 5 in Conjurations
  5991 | D:5      | Reached skill level 6 in Fire Magic
  6177 | D:5      | Reached * piety under Vehumet
  6177 | D:5      | Offered knowledge of Sting by Vehumet.
  6313 | D:5      | Learned a level 5 spell: Fireball
  6418 | D:5      | Found a blossoming altar of Fedhas.
  6709 | D:5      | Found a white marble altar of Elyvilon.
  6960 | D:6      | Found a staircase to the Ecumenical Temple.
  6965 | D:6      | Found a sand-covered staircase.
  6975 | Ossuary  | Entered an ossuary
  7032 | Ossuary  | Reached skill level 7 in Fire Magic
  7237 | Ossuary  | Reached XP level 8. HP: 41/41 MP: 19/19
  8310 | D:6      | Found an opulent altar of Gozag.
  8311 | D:6      | Noticed Grinder
  8323 | D:6      | Reached skill level 8 in Fire Magic
  8329 | D:6      | Killed Grinder
  8361 | D:6      | Offered knowledge of Shock by Vehumet.
  8395 | D:6      | Got a steaming flail
  8396 | D:6      | Identified the +1 flail "Fiygilue" {holy, MR+} (You found
                  | it on level 6 of the Dungeon)
  8403 | D:6      | Reached ** piety under Vehumet
  8405 | D:6      | HP: 2/41 [centaur/arrow (11)]
  8410 | D:6      | Shot with an arrow by a centaur

Skill      XL: |  1  2  3  4  5  6  7  8 |
---------------+-------------------------+-----
Spellcasting   | 4 5 6 |  6.0
Conjurations   | 2 3 4 6 7 |  7.9
Fire Magic     | 4 5 7 8 |  8.5
Dodging        | |  2.4
Stealth        | |  2.4

Action                   |  1- 3 |  4- 6 |  7- 9 || total
-------------------------+-------+-------+-------++-------
Melee: Unarmed           |     2 |       |       ||     2
       Staff             |       |    27 |       ||    27
       Mace              |       |     5 |    10 ||    15
 Cast: Flame Tongue      |    49 |    87 |    87 ||   223
       Throw Flame       |     3 |    17 |    11 ||    31
       Conjure Flame     |     2 |     4 |    16 ||    22
       Sticky Flame      |       |     3 |     3 ||     6
       Fireball          |       |       |     1 ||     1
Evoke: Wand              |       |     7 |     8 ||    15
  Use: Scroll            |       |     8 |     9 ||    17
       Potion            |       |     3 |     2 ||     5
  Eat: Chunk             |     6 |    19 |     5 ||    30
Armor: Robe              |     1 |     7 |     5 ||    13
Dodge: Dodged            |     9 |    28 |    20 ||    57
